 Dungeon Crawl Stone Soup version 0.31-a0-801-gc67433417a (webtiles) character file.

Game seed: 2107339369439390655

177 Essalna the Conjurer (level 5, 35/35 HPs)
             Began as a Demonspawn Conjurer on Sept 20, 2023.
             Got out of the dungeon alive.
             The game lasted 00:01:56 (1310 turns).

Essalna the Conjurer (Demonspawn Conjurer)          Turns: 1310, Time: 00:01:57

Health: 35/35      AC:  2    Str:  8    XL:     5   Next: 31%
Magic:  10/10      EV: 12    Int: 21    God:
Gold:   53         SH:  0    Dex: 11    Spells: 10/11 levels left

rFire   . . .        d - +0 spear (freeze)
rCold   . . .        (no shield)
rNeg    . . .        a - +0 robe
rPois   .            (no helmet)
rElec   .            (no cloak)
rCorr   .            (no gloves)
SInv    .            (no boots)
Will    .....        (no amulet)
Stlth   ++           (no ring)
HPRegen 0.25/turn    (no ring)
MPRegen 0.12/turn

%: no passive effects
@: no status effects
A: claws 1, demonic guardian 2
a: no special abilities


You escaped.
You visited 1 branch of the dungeon, and saw 2 of its levels.

You collected 53 gold pieces.

Inventory:

Hand Weapons
 d - a +0 spear of freezing (weapon)
Armour
 a - a +0 robe (worn)
Scrolls
 c - a scroll of silence {unknown}
 f - a scroll of enchant weapon {unknown}
 h - a scroll of torment {unknown}
 i - a scroll of revelation {unknown}
 j - a scroll of identify {unknown}
Potions
 e - a potion of lignification {unknown}
 g - a potion of cancellation {unknown}


   Skills:
 - Level 1.7 Dodging
 - Level 1.7 Stealth
 + Level 3.9 Spellcasting
 + Level 5.4 Conjurations


You had 10 spell levels left.
You knew the following spells:

 Your Spells              Type           Power      Damage    Failure   Level
a - Magic Dart            Conj           100%       1d8       1%          1

Your spell library contained the following spells:

 Spells                   Type           Power      Damage    Failure   Level
 Searing Ray              Conj           54%        2d6       1%          2
 Slow                     Hex            16%        N/A       12%         1
 Dazzling Flash           Conj/Hex       30%        N/A       12%         3
 Confusing Touch          Hex            4%         N/A       36%         3
 Sigil of Binding         Hex            4%         N/A       36%         3
 Summon Guardian Golem    Hex/Summ       4%         N/A       36%         3
 Vampiric Draining        Necr           4%         2d6       36%         3
 Fulminant Prism          Conj/Hex       7%         3d7       36%         4
 Iskenderun's Mystic Bla  Conj/Tloc      15%        2d5       36%         4
 Orb of Destruction       Conj           13%        9d7       100%        7
 Spellforged Servitor     Conj/Summ      7%         N/A       100%        7


Dungeon Overview and Level Annotations

Branches:
Dungeon (2/15)

Altars:

Shops:
D:1 =


Innate Abilities, Weirdness & Mutations

You have sharp fingernails.
A demonic guardian rushes to your aid.


Message History

Reactivating autopickup.
You feel a bit more experienced.
Your Spellcasting skill increases to level 3!
Your Conjurations skill increases to level 5!
You have reached level 3!
Your experience leads to an increase in your attributes!
Increase (S)trength, (I)ntelligence, or (D)exterity?
You feel clever. x2; Your demonic ancestry asserts itself...
Your guardian grows in power.
You have reached level 4!
You feel stronger.
You have reached level 5!
Your demonic ancestry asserts itself...
Your fingernails lengthen.
A ball python comes into view.
You are too injured to fight recklessly!
You are too injured to fight recklessly!
Reach: d) +0 spear (freeze)
Press: ? - help, Dir - move target, f - you That would be overly suicidal.
Okay, then.
Unknown command.
Unknown command.
The ball python hisses angrily.
The ball python bites you. The ball python grabs you.
The ball python constricts you. The ball python bites you.
The ball python constricts you. The ball python bites you.
A demonic guardian appears!
The ball python constricts you. The ball python barely misses you.
The ball python constricts you.
Your rust devil hits the ball python!
The ball python dies!
Your rust devil disappears in a puff of smoke!
There is an open door here.
There is a stone staircase leading up here.
You climb upwards.
There is a stone staircase leading down here.
HP restored.
There is a staircase leading out of the dungeon here.
You have escaped!

#.##..##.#..#.#
#...#.#.###.#.# #
##..#.######..#
#### ########
##...##..###.# ...#
#......#
#....##.##.###
##.###.###.##
###....##.#....###
.......# #.#
##......##..###....
##.###.###.#
#...###..#..# #####
##.# #.....# #.@.#
##.##.# ...#
####### ##...#
#.##.# #### #.#.##
##.##.# #
###.####..##.# ##
##....##..###.###
##.
#........##.....#
#.#
###......##.....#
##.
####...###.∩...# ##
#..#######.....# #


There were no monsters in sight!

Vanquished Creatures
  Sigmund (D:2)
  2 ball pythons (D:1)
  3 bats (D:1)
  2 endoplasms
  2 giant cockroaches (D:1)
  3 goblins (D:1)
  2 jackals (D:1)
15 creatures vanquished.

Vanquished Creatures (collateral kills)
  A ball python (D:2)
1 creature vanquished.

Grand Total: 16 creatures vanquished

Notes
Turn   | Place    | Note
-------+----------+-------------------------------------------
     0 | D:1      | Essalna the Demonspawn Conjurer began the quest for the
                  | Orb.
     0 | D:1      | Reached XP level 1. HP: 13/13 MP: 3/3
   197 | D:1      | Gained mutation: A weak demonic guardian rushes to your
                  | aid. [demonic ancestry]
   197 | D:1      | Reached XP level 2. HP: 19/19 MP: 1/5
   753 | D:1      | Found Riko's Jewellery Emporium.
  1124 | D:2      | Noticed Sigmund
  1136 | D:2      | Killed Sigmund
  1137 | D:2      | Reached skill level 5 in Conjurations
  1137 | D:2      | Gained mutation: A demonic guardian rushes to your aid.
                  | [demonic ancestry]
  1137 | D:2      | Reached XP level 3. HP: 6/24 MP: 6/8
  1137 | D:2      | Reached XP level 4. HP: 8/30 MP: 6/9
  1137 | D:2      | Gained mutation: You have sharp fingernails. [demonic
                  | ancestry]
  1137 | D:2      | Reached XP level 5. HP: 9/35 MP: 6/10
  1310 | D:$      | Got out of the dungeon alive.

Illustrated notes

Levels and vault maps discovered:
D:1:      dpeg_arrival_round_c, layout_loops_cross, serial_shops, shop
D:2:      layout_basic, shapermc_ecumenical_altar_totnotflames, uniq_sigmund

Skill      XL: |  1  2 |
---------------+-------+-----
Spellcasting   | 3 |  3.9
Conjurations   | 5 |  5.4
Dodging        | |  1.7
Stealth        | |  1.7

Action                     |  1- 3 |  4- 6 || total
---------------------------+-------+-------++-------
  Melee: Spear             |    22 |       ||    22
   Cast: Magic Dart        |    28 |       ||    28
    Use: Potion            |     1 |       ||     1
 Armour: Robe              |    13 |     3 ||    16
  Dodge: Dodged            |    16 |     1 ||    17

Table legend: (Time is in decaauts)
 A = Elapsed time spent in this place.
 B = Non-inter-level travel time spent in this place.
 C = Inter-level travel time spent in this place.
 D = Time resting spent in this place.
 E = Time spent auto-exploring this place.
 F = Levels seen in this place.
 G = Mean time per level.
                   A        B        C        D        E       F      G
               +--------+--------+--------+--------+--------+-----+--------+
         Total |   1311 |   1167 |    144 |      0 |   1027 |   2 |  655.5 |
       Dungeon |   1311 |   1167 |    144 |      0 |   1027 |   2 |  655.5 |
               +--------+--------+--------+--------+--------+-----+--------+

Top non-repeatable levels by time:
     D:1: 1042 daAuts
     D:2: 269 daAuts
